 Dungeon Crawl Stone Soup version 0.29-a0-330-g52719c12eb (webtiles) character file.

Game seed: 6263924926515347351

54 night the Shooter (level 3, -3/28 HPs)
             Began as a Barachi Hunter on May 5, 2022.
             Was a Follower of Cheibriados.
             Slain by Terence
             ... wielding a +2 flail of protection
              (4 damage)
             ... on level 2 of the Dungeon.
             The game lasted 00:03:18 (951 turns).

night the Shooter (Barachi Hunter)                   Turns: 951, Time: 00:03:19

Health: -3/28      AC:  3    Str: 15    XL:     3   Next: 91%
Magic:  3/3        EV: 12    Int: 12    God:    Cheibriados [*.....]
Gold:   85         SH:  0    Dex: 20    Spells: 2/2 levels left

rFire   . . .      SeeInvis .   a - +1 shortbow
rCold   . . .      Faith    .   (shield currently unavailable)
rNeg    . . .      Spirit   .   b - +0 leather armour
rPois   +          Reflect  .   (no helmet)
rElec   .          Harm     .   (no cloak)
rCorr   .          Rampage  .   (no gloves)
Will    .....                   (no boots)
Stlth   ++........              (no amulet)
HPRegen 0.09/turn               j - ring of poison resistance
MPRegen 0.08/turn               (no ring)

@: weak-willed, unable to hop, attractive, very slow
A: amphibious, slowness 1, strong legs 1, +LOS
a: Hop, Renounce Religion, Bend Time


You were on level 2 of the Dungeon.
You worshipped Cheibriados.
Cheibriados was aware of your devotion.
You visited 1 branch of the dungeon, and saw 2 of its levels.

You collected 85 gold pieces.

Inventory:

Hand Weapons
 a - a +1 shortbow (weapon)
Missiles
 g - 55 stones
Armour
 b - a +0 leather armour (worn)
Jewellery
 f - an amulet of faith
 j - a ring of poison resistance (left hand)
Scrolls
 c - 2 scrolls of immolation
 e - a scroll of identify
 m - a scroll of holy word
Potions
 d - a potion of attraction
 i - a potion of magic
 k - a potion of resistance


   Skills:
 - Level 2.4 Fighting
 * Level 5.2 Bows
 - Level 2.1 Dodging
 - Level 0.8 Stealth
 + Level 0.7 Invocations


You had 2 spell levels left.
You didn't know any spells.
Your spell library contained the following spells:

 Spells                   Type           Power      Damage    Failure   Level
 Beastly Appendage        Tmut           0%         N/A       38%         1
 Passwall                 Tmut/Erth      0%         N/A       52%         2
 Mephitic Cloud           Conj/Pois/Air  0%         N/A       77%         3
 Petrify                  Tmut/Erth      0%         N/A       99%         4


Dungeon Overview and Level Annotations

Branches:
Dungeon (2/15)

Altars:
Cheibriados
Gozag

Annotations:
D:2 Terence


Innate Abilities, Weirdness & Mutations

You are amphibious.
You cover ground slowly.
You can hop short distances.
You have an extended range of vision and can be seen from far away.


Message History

You shoot an arrow. The arrow closely misses Terence.
Terence misses you.
It was a potion of attraction.
You feel attractive to monsters.
Terence hits you with a +2 flail of protection!
You are too injured to fight recklessly!
It was a potion of curing.
You feel better. Terence shouts, "Now you die!"
Terence hits you with a +2 flail of protection.
Unknown command.
As you read the scroll labelled VERIZX QU ATUC, it crumbles to dust.
It is a scroll of identify.
m - a scroll of holy word Terence hits you but does no damage.
As you read the scroll labelled EXIAR OTAFADGH, it crumbles to dust.
The scroll dissolves into smoke.
It was a scroll of fog.
Terence hits you with a +2 flail of protection.
As you read the scroll labelled JAFONA UR LO INAM, it crumbles to dust.
You feel aware of your surroundings.
It was a scroll of magic mapping.
Terence closely misses you.
This is a scroll of acquirement!
Something appears at your feet! Terence closely misses you.
As you read the scroll labelled TUOS MISHRO, it crumbles to dust.
Magic quickly surges around you.
It was a scroll of vulnerability.
Terence hits you with a +2 flail of protection.
* * * LOW HITPOINT WARNING * * *
Terence hits you with a +2 flail of protection.
* * * LOW HITPOINT WARNING * * *
Hop to where?
Press: ? - help, Dir - move target, p - Terence Boing!
Terence is attracted toward you. Terence says, "How do you enjoy it?"
Terence misses you. The kobold is attracted toward you.
The kobold is attracted toward you.
Terence hits you with a +2 flail of protection.
* * * LOW HITPOINT WARNING * * *
Okay, then.
You fail to use your ability.
Terence hits you with a +2 flail of protection.
You die...

*** #.........#...###.....#...
#** #..>......#....####..#####
..** #.........#....####.##
#..##* #.........#....##..<#
##...###.........#.†..##.###
..##.............#..#.#÷.#
#...##..............#.#.## *****
#*#....########...#)....####,,,*
##....# ##@......#....,*,*
#..#.########@#..........**,*
##............K...........,*,**
*##..............#..........,*,,*
#...........)....W..........,*,,,
#.#.##..............§.......**,,,
....*###........###.§......#**,,,
.##.*,,####.......§§§.......,,,,,
,**,*,*,*,####...§#§#####...,*,,,


You could see a phantom, Terence (resistant, weak-willed) and a kobold
(weak-willed).

Vanquished Creatures
  2 adders (D:2)
  A dart slug (D:1)
  An endoplasm (D:2)
  2 giant cockroaches (D:1)
  A goblin (D:1)
  A hobgoblin (D:2)
  4 jackals (D:1)
  3 kobolds
  3 quokkas
  6 ball pythons
  2 bats (D:1)
  2 frilled lizards (D:1)
  5 rats
33 creatures vanquished.

Notes
Turn   | Place    | Note
-------+----------+-------------------------------------------
     0 | D:1      | night the Barachi Hunter began the quest for the Orb.
     0 | D:1      | Reached XP level 1. HP: 17/17 MP: 1/1
   109 | D:1      | Reached XP level 2. HP: 23/23 MP: 2/2
   213 | D:1      | Got Sif Muna's Guide on Lightness and Transmigration
   356 | D:1      | Reached XP level 3. HP: 28/28 MP: 3/3
   395 | D:1      | Found a faded altar of an unknown god.
   404 | D:1      | Prayed at the altar of an unknown god.
   404 | D:1      | Became a worshipper of Cheibriados the Contemplative
   404 | D:1      | Reached * piety under Cheibriados
   709 | D:1      | Reached skill level 5 in Bows
   755 | D:2      | Found an opulent altar of Gozag.
   927 | D:2      | Noticed Terence
   930 | D:2      | Noticed a phantom
   942 | D:2      | Identified a scroll of acquirement
   942 | D:2      | Acquired a +1 pair of boots of flying
   944 | D:2      | HP: 3/28 [Terence/+2 flail of protection (5)]
   950 | D:2      | HP: 1/28 [Terence/+2 flail of protection (3)]
   951 | D:2      | Slain by Terence

Illustrated notes

Levels and vault maps discovered:
D:1:      wheals_arrival_shading, layout_basic, basic_ecumenical_altar
D:2:      minmay_spotlight, layout_rooms, basic_altar,
          minmay_shallow_snake_nest, uniq_terence

Skill      XL: |  1  2  3 |
---------------+----------+-----
Bows           | 5 |  5.2
Fighting       | |  2.4
Dodging        | |  2.1
Stealth        | |  0.8
Invocations    | |  0.7

Action                   || total
-------------------------++-------
 Fire: Shortbow          ||    79
 Abil: Hop               ||     1
  Use: Scroll            ||     5
       Potion            ||     3
Armor: Leather armour    ||     8
Dodge: Dodged            ||    31

Table legend: (Time is in decaauts)
 A = Elapsed time spent in this place.
 B = Non-inter-level travel time spent in this place.
 C = Inter-level travel time spent in this place.
 D = Time resting spent in this place.
 E = Time spent auto-exploring this place.
 F = Levels seen in this place.
 G = Mean time per level.
                   A        B        C        D        E       F      G
               +--------+--------+--------+--------+--------+-----+--------+
         Total |   1282 |   1246 |     36 |      0 |   1029 |   2 |  641.0 |
       Dungeon |   1282 |   1246 |     36 |      0 |   1029 |   2 |  641.0 |
               +--------+--------+--------+--------+--------+-----+--------+

Top non-repeatable levels by time:
     D:1: 1013 daAuts
     D:2: 268 daAuts
